 Dungeon Crawl Stone Soup version 0.29.1-13-g9f3cf754e1 (webtiles) character file.

Game seed: 852503930171328030

48 DildoBatman the Conjurer (level 4, -3/32 HPs)
             Began as a Formicid Conjurer on Jan 23, 2023.
             Slain by a hobgoblin (4 damage)
             ... on level 2 of the Dungeon.
             The game lasted 00:02:14 (1335 turns).

DildoBatman the Conjurer (Formicid Conjurer)        Turns: 1335, Time: 00:02:15

Health: -3/32      AC:  2    Str: 12    XL:     4   Next: 0%
Magic:  5/8        EV: 12    Int: 19    God:
Gold:   15         SH:  0    Dex: 12    Spells: 5/8 levels left

rFire   . . .      SeeInvis +   c - +0 dagger
rCold   . . .      Faith    .   (no shield)
rNeg    . . .      Spirit   .   a - +0 robe
rPois   .          Reflect  .   (helmet unavailable)
rElec   .          Harm     .   (no cloak)
rCorr   .          Rampage  .   (no gloves)
Will    .....                   (no boots)
Stlth   ++........              (no amulet)
HPRegen 0.10/turn               (no ring)
MPRegen 0.11/turn               (no ring)

@: no status effects
A: permanent stasis, dig shafts and tunnels, antennae 3, four strong arms
a: Dig, Shaft Self


You were on level 2 of the Dungeon.
You visited 1 branch of the dungeon, and saw 2 of its levels.

You collected 15 gold pieces.

Inventory:

Hand Weapons
 c - a +0 dagger (weapon)
Missiles
 e - 6 atropa-tipped darts
Armour
 a - a +0 robe (worn)
Scrolls
 d - a scroll of noise {unknown}
 g - a scroll of poison {unknown}
 h - a scroll of teleportation {unknown}
Potions
 b - a potion of magic
 f - 3 potions of heal wounds {unknown}
 i - 2 potions of curing {unknown}


   Skills:
 * Level 1.5 Fighting
 * Level 1.4 Armour
 - Level 2.0 Dodging
 - Level 2.4 Stealth
 * Level 2.7 Spellcasting
 * Level 3.9 Conjurations


You had 5 spell levels left.
You knew the following spells:

 Your Spells              Type           Power      Damage    Failure   Level
a - Searing Ray           Conj           34%        2d5       4%          2
c - Magic Dart            Conj           68%        1d6       3%          1

Your spell library contained the following spells:

 Spells                   Type           Power      Damage    Failure   Level
 Dazzling Flash           Conj/Hex       20%        N/A       22%         3
 Fulminant Prism          Conj/Hex       5%         3d7       56%         4
 Iskenderun's Mystic Bla  Conj/Tloc      10%        2d4       56%         4


Dungeon Overview and Level Annotations

Branches:
Dungeon (2/15)

Altars:


Innate Abilities, Weirdness & Mutations

You cannot be hasted, slowed, berserked, paralysed or teleported.
You can dig through walls and to a lower floor.
You have a pair of large antennae on your head. (SInv)
Your four strong arms can wield two-handed weapons with a shield.


Message History

The endoplasm closely misses you. The hobgoblin closely misses you.
What are your orders? t - Shout!
Orders for allies: a - Attack new target. r - Retreat! s - Stop attacking. g - Guard the area. f - Follow me.
Anything else - Cancel.
You shout for attention!
The endoplasm misses you. The hobgoblin hits you.
What are your orders? t - Shout!
Orders for allies: a - Attack new target. r - Retreat! s - Stop attacking. g - Guard the area. f - Follow me.
Anything else - Cancel.
You shout for attention!
The endoplasm completely misses you. The hobgoblin closely misses you.
What are your orders? t - Shout!
Orders for allies: a - Attack new target. r - Retreat! s - Stop attacking. g - Guard the area. f - Follow me.
Anything else - Cancel.
You shout for attention!
The endoplasm freezes you.
You are frozen.
The hobgoblin hits you. What are your orders? t - Shout!
Orders for allies: a - Attack new target. r - Retreat! s - Stop attacking. g - Guard the area. f - Follow me.
Anything else - Cancel.
You shout for attention!
The endoplasm closely misses you. The hobgoblin hits you.
You die...

..## ... ..# #
... .#.## #†##
.<.....#Sw
.......#g###.#..
......J@....).#
##.####.##.....
#....#.# #.#
###.##.#.#
#........# ##
..##......# ..
#....###### #.#
#
##.##....####.#
..##.#.
..............##
#.##.#.


You could see a dart slug, an endoplasm, a hobgoblin and a ball python.

Vanquished Creatures
  An adder (D:2)
  A dart slug (D:1)
  2 ball pythons
  4 bats (D:1)
  6 endoplasms
  A giant cockroach (D:1)
  3 goblins
  A hobgoblin (D:1)
  4 jackals (D:1)
  A quokka (D:1)
  2 frilled lizards (D:1)
  2 kobolds (D:1)
  4 rats
32 creatures vanquished.

Notes
Turn   | Place    | Note
-------+----------+-------------------------------------------
     0 | D:1      | DildoBatman the Formicid Conjurer began the quest for the
                  | Orb.
     0 | D:1      | Reached XP level 1. HP: 13/13 MP: 3/3
   200 | D:1      | Reached XP level 2. HP: 20/20 MP: 1/5
   203 | D:1      | Learned a level 2 spell: Searing Ray
   408 | D:1      | Found a faded altar of an unknown god.
   589 | D:1      | Reached skill level 1 in Fighting
   626 | D:1      | Reached skill level 1 in Armour
   626 | D:1      | Reached XP level 3. HP: 17/26 MP: 2/6
  1304 | D:2      | Reached XP level 4. HP: 32/32 MP: 1/8
  1334 | D:2      | HP: 1/32 [hobgoblin (1)]
  1335 | D:2      | Slain by a hobgoblin

Illustrated notes

Levels and vault maps discovered:
D:1:      dpeg_arrival_three_bigger_balls, layout_basic,
          ebering_ecumenical_altar_sacrificial
D:2:      layout_basic

Skill      XL: |  1  2 |
---------------+-------+-----
Dodging        | 2 |  2.0
Fighting       | 1 |  1.5
Armour         | 1 |  1.4
Stealth        | |  2.4
Spellcasting   | |  2.7
Conjurations   | |  3.9

Action                   |  1- 3 |  4- 6 || total
-------------------------+-------+-------++-------
Melee: Dagger            |    34 |       ||    34
 Cast: Magic Dart        |    47 |       ||    47
       Searing Ray       |     2 |       ||     2
 Stab: Sleeping          |     2 |       ||     2
Armor: Robe              |    14 |     4 ||    18
Dodge: Dodged            |    33 |    27 ||    60
